 Dungeon Sprint DCSS version 0.24.0-125-gc4c63601f3 (webtiles) character file.

Game seed: 15542444441273900131, levelgen mode: deterministic

1220 Ponchio the Eclecticist (level 8, -1/41 HPs)
             Began as a Deep Elf Earth Elementalist on Feb 17, 2020.
             Was a Follower of Vehumet.
             Slain by a demonic crawler (10 damage)
             ... in the Dungeon (Sprint I: "Red Sonja").
             The game lasted 00:06:15 (676 turns).

Ponchio the Eclecticist (DEEE)                       Turns: 676, Time: 00:06:18

Health: -1/41      AC:  2    Str:  5    XL:     8   Next: 23%
Magic:  24/29      EV: 13    Int: 23    God:    Vehumet [*.....]
Gold:   405        SH:  0    Dex: 15    Spells: 22/37 levels left

rFire    . . .     SeeInvis .   k - +0 dagger
rCold    . . .     Gourm    .   (no shield)
rNeg     . . .     Faith    .   c - +0 robe
rPois    .         Spirit   .   (no helmet)
rElec    .         Reflect  .   (no cloak)
rCorr    .         Harm     .   (no gloves)
MR       .....     NoTele   +   (no boots)
Stlth    ++........             (no amulet)
HPRegen  0.13/turn              (no ring)
MPRegen  0.21/turn              (no ring)

@: no status effects
A: no striking features
a: Renounce Religion


You were in the Dungeon.
You worshipped Vehumet.
Vehumet was aware of your devotion.
You were not hungry.

You visited 1 branch You collected 405 gold pieces.

Inventory:

Hand Weapons
 k - a +0 dagger (weapon)
Missiles
 b - 20 stones (quivered)
Armour
 c - a +0 robe (worn)
Wands
 a - a wand of flame (10)
Scrolls
 j - a scroll of blinking
Potions
 e - a potion of curing
 f - a potion of heal wounds
 g - a potion of haste
 h - 2 potions of magic
 i - a potion of mutation {unknown}
Comestibles
 d - 2 rations


   Skills:
 - Level 2.4 Dodging
 - Level 2.4 Stealth
 + Level 15.4 Spellcasting
 - Level 1.1 Transmutations
 + Level 14.3 Earth Magic


You had 22 spell levels left.
You knew the following spells:

 Your Spells              Type           Power        Failure   Level  Hunger
a - Sandblast             Erth           ######       0%          1    None
b - Passwall              Tmut/Erth      ######..     1%          2    None
c - Stone Arrow           Conj/Erth      ######       1%          3    None
d - Petrify               Tmut/Erth      ######..     1%          4    None
e - Lee's Rapid Deconstr  Erth           ######....   1%          5    ##.....

Your spell library contained the following spells:

 Spells                   Type           Power        Failure   Level  Hunger
 Freeze                   Ice            ###.         3%          1    None


Dungeon Overview and Level Annotations

Branches:
Dungeon (1/1)

Altars:
Cheibriados
Dithmenos
Elyvilon
Fedhas
Gozag
Hepliaklqana
Kikubaaqudgha
Makhleb
Nemelex Xobeh
Okawaru
Qazlal
Ru
Sif Muna
Trog
Uskayaw
Vehumet
Wu Jian
Xom
Yredelemnul
Zin
The Shining One
Jiyva
Lugonu

Shops:
D :


Message History

The demonic crawler gives a hideous shriek! x3
Casting: Lee's Rapid Deconstruction (safe; 1% risk of failure)
Confirm with . or Enter, or press ? or * to list all spells.
Aiming: Lee's Rapid Deconstruction (safe; 1% risk of failure)
Press: ? - help, Dir - move target cursor A rock wall.
The wall shatters!
The blast of rock fragments hits the demonic crawler.
The demonic crawler is lightly wounded.
The blast of rock fragments hits the demonic crawler!
The demonic crawler is moderately wounded.
The blast of rock fragments hits the demonic crawler!!
The demonic crawler is moderately wounded.
The demonic crawler hits you! The demonic crawler barely misses you.
The demonic crawler hits you! x2
* * * LOW HITPOINT WARNING * * *
The demonic crawler hits you.
* * * LOW HITPOINT WARNING * * *
The demonic crawler hits you!
You die...

###################
..#..'..#__#..'.).#
..').#..'..'.)#.@s##+#
#'#####'#__####..ss..#
..#...#.#### #####s.+
###..##.# ## __##'#_.+
...'..._# __##_.#+#
__###+# ###


You could see 4 demonic crawlers.

Vanquished Creatures
  2 kobold demonologists (D)
  A slime creature (D)
  Sigmund (D)
  A yak (D)
  A floating eye (D)
  An ogre (D)
  A jelly (D)
  Ijyb (D)
9 creatures vanquished.

Notes
Turn   | Place    | Note
-------+----------+-------------------------------------------
     0 | D        | Ponchio the Deep Elf Earth Elementalist began the quest for
                  | the Orb.
     0 | D        | Reached XP level 1. HP: 10/10 MP: 6/6
     2 | D        | Noticed Ijyb
     9 | D        | Killed Ijyb
     9 | D        | Reached skill level 5 in Spellcasting
     9 | D        | Reached XP level 2. HP: 15/15 MP: 7/10
    57 | D        | Learned a level 2 spell: Passwall
    58 | D        | Noticed an ogre
    62 | D        | Killed an ogre
    62 | D        | Reached skill level 7 in Spellcasting
    62 | D        | Reached XP level 3. HP: 19/19 MP: 6/13
    62 | D        | Reached XP level 4. HP: 24/24 MP: 6/15
    67 | D        | Learned a level 3 spell: Stone Arrow
    72 | D        | Learned a level 4 spell: Petrify
   137 | D        | Noticed Sigmund
   144 | D        | Killed Sigmund
   144 | D        | Reached skill level 10 in Spellcasting
   144 | D        | Reached skill level 10 in Earth Magic
   144 | D        | Reached XP level 5. HP: 28/28 MP: 8/20
   217 | D        | Learned a level 5 spell: Lee's Rapid Deconstruction
   230 | D        | Found an ornate altar of the Wu Jian Council.
   230 | D        | Found a shimmering blue altar of Sif Muna.
   232 | D        | Found a radiant altar of Vehumet.
   233 | D        | Reached skill level 11 in Spellcasting
   233 | D        | Reached XP level 6. HP: 32/32 MP: 16/22
   278 | D        | Became a worshipper of Vehumet
   296 | D        | Found Raoxtont's Book Emporium.
   296 | D        | Found an ancient bone altar of Kikubaaqudgha.
   296 | D        | Found a hazy altar of Hepliaklqana.
   296 | D        | Found a stormy altar of Qazlal.
   296 | D        | Found a hide-covered altar of Uskayaw.
   296 | D        | Found a blossoming altar of Fedhas.
   296 | D        | Found a bloodstained altar of Trog.
   296 | D        | Found an iron altar of Okawaru.
   296 | D        | Found a basalt altar of Yredelemnul.
   296 | D        | Found a glowing golden altar of the Shining One.
   296 | D        | Found a snail-covered altar of Cheibriados.
   296 | D        | Found a sacrificial altar of Ru.
   296 | D        | Found a glowing silver altar of Zin.
   296 | D        | Found a shadowy altar of Dithmenos.
   296 | D        | Found a white marble altar of Elyvilon.
   296 | D        | Noticed a yak
   298 | D        | Killed a yak
   298 | D        | Reached skill level 12 in Spellcasting
   439 | D        | Found an opulent altar of Gozag.
   440 | D        | Found a sparkling altar of Nemelex Xobeh.
   457 | D        | Found a burning altar of Makhleb.
   457 | D        | Found a viscous altar of Jiyva.
   457 | D        | Found a shimmering altar of Xom.
   457 | D        | Found a corrupted altar of Lugonu.
   457 | D        | Noticed a slime creature
   461 | D        | Killed a slime creature
   461 | D        | Reached skill level 13 in Spellcasting
   461 | D        | Reached XP level 7. HP: 36/36 MP: 12/25
   543 | D        | Noticed a kobold demonologist
   547 | D        | Reached * piety under Vehumet
   547 | D        | Offered knowledge of Freeze by Vehumet.
   549 | D        | Noticed a kobold demonologist
   557 | D        | Killed a kobold demonologist
   557 | D        | Reached skill level 14 in Spellcasting
   558 | D        | Killed a kobold demonologist
   558 | D        | Reached skill level 15 in Spellcasting
   558 | D        | Reached XP level 8. HP: 41/41 MP: 6/29
   674 | D        | Noticed a demonic crawler
   674 | D        | Noticed a demonic crawler
   674 | D        | Noticed a demonic crawler
   674 | D        | Noticed a demonic crawler
   676 | D        | Slain by a demonic crawler

Levels and vault maps discovered:
D:        dungeon_sprint_1 [red_sonja_temple_1, red_sonja_temple_small_1]

Skill      XL: |  1  2  3  4  5  6  7 |
---------------+----------------------+-----
Spellcasting   | 5 7 10 11 13 15 | 15.4
Earth Magic    | 6 8 10 11 12 14 | 14.3
Dodging        | |  2.4
Stealth        | |  2.4
Transmutations | |  1.1

Action                   |  1- 3 |  4- 6 |  7- 9 || total
-------------------------+-------+-------+-------++-------
Melee: Unarmed           |     6 |       |       ||     6
 Cast: Sandblast         |     3 |     4 |     3 ||    10
       Petrify           |       |     1 |     1 ||     2
       Lee's Rapid Decon |       |     5 |     3 ||     8
       Stone Arrow       |       |       |     2 ||     2
  Use: Potion            |     1 |     1 |       ||     2
Armor: Robe              |     2 |       |       ||     2
Dodge: Dodged            |     1 |     1 |     1 ||     3
